 Dungeon Crawl Stone Soup version 0.29-a0-341-g24ffce5b50 (webtiles) character file.

Game seed: 11228754885514661421

112602 spaghetti the Warrior (level 16, -10/165 HPs)
             Began as a Naga Delver on Apr 20, 2022.
             Was a High Priest of Cheibriados.
             Shot with a bolt by a yaktaur captain (37 damage)
             ... on level 15 of the Dungeon.
             The game lasted 01:06:54 (36360 turns).

spaghetti the Warrior (Naga Delver)                Turns: 36360, Time: 01:06:55

Health: -10/165    AC: 23    Str: 27    XL:     16   Next: 60%
Magic:  0/26       EV: 19    Int: 34    God:    Cheibriados [*****.]
Gold:   1090       SH:  0    Dex: 28    Spells: 2/15 levels left

rFire   + + .      SeeInvis +   s - +12 rapier of Earthquakes {venom, *Rage Int+2 Dex+2, short}
rCold   . . .      Faith    .   (no shield)
rNeg    . . .      Spirit   +   t - +0 fire dragon scales
rPois   +          Reflect  .   (helmet restricted)
rElec   .          Harm     .   m - +2 cloak
rCorr   .          Rampage  .   p - +2 pair of gloves
Will    ++...      Rage     20% (no barding)
Stlth   +++.......              x - amulet of guardian spirit
HPRegen 0.37/turn               g - +4 ring of protection
MPRegen 0.20/turn               l - +4 ring of protection

@: on berserk cooldown, invisible, very slow
A: AC +5, large, see invisible, deformed body, poison resistance, slowness 2,
spit poison 1, naga tail 2, horns 1, cold resistance 1
a: Spit Poison, Renounce Religion, Bend Time, Temporal Distortion, Slouch, Step
From Time


You were on level 15 of the Dungeon.
You worshipped Cheibriados.
Cheibriados was extremely pleased with you.
You visited 3 branches of the dungeon, and saw 22 of its levels.
You visited 1 bazaar.
You also visited: Ossuary.

You collected 1486 gold pieces.
You spent 396 gold pieces at shops.


Innate Abilities, Weirdness & Mutations

Your serpentine skin is tough. (AC +5)
You have supernaturally acute eyesight. (SInv)
Armour fits poorly on your strangely shaped body.
Your system is resistant to poisons. (rPois)
You cover ground very slowly.
You can spit poison.
You can use your snake-like lower body to constrict enemies.
You have a pair of small horns on your head.
Your flesh is cold resistant. (rC+)


   Skills:
 * Level 16.2 Fighting
 - Level 2.0 Maces & Flails
 * Level 13.1 Dodging
 - Level 7.2 Stealth
 - Level 6.0 Unarmed Combat
 + Level 6.2 Summonings
 - Level 8.0 Transmutations
 + Level 6.3 Earth Magic
 - Level 8.0 Poison Magic
 + Level 14.4 Invocations


You had 2 spell levels left.
You knew the following spells:

 Your Spells              Type           Power      Damage    Failure   Level
a - Wereblood             Tmut           53%        N/A       1%          2
b - Animate Armour        Summ/Erth      84%        N/A       16%         4
c - Passwall              Tmut/Erth      40%        N/A       1%          2
d - Alistair's Intoxicat  Tmut/Pois      35%        N/A       22%         5

Your spell library contained the following spells:

 Spells                   Type           Power      Damage    Failure   Level
 Beastly Appendage        Tmut           100%       N/A       1%          1
 Ensorcelled Hibernation  Hex/Ice        0%         N/A       30%         2
 Spider Form              Tmut/Pois      53%        N/A       2%          3
 Mephitic Cloud           Conj/Pois/Air  18%        N/A       22%         3
 Blade Hands              Tmut           26%        N/A       22%         5
 Lee's Rapid Deconstruct  Erth           21%        3d13*     38%         5
 Leda's Liquefaction      Hex/Erth       10%        N/A       50%         4
 Dazzling Flash           Conj/Hex       0%         N/A       52%         3
 Gell's Gravitas          Tloc           0%         N/A       52%         3
 Swiftness                Air            0%         N/A       52%         3
 Teleport Other           Tloc           0%         N/A       52%         3
 Statue Form              Tmut/Erth      32%        N/A       86%         6
 Iskenderun's Mystic Bla  Conj/Tloc      0%         2d3       90%         4
 Fireball                 Conj/Fire      0%         3d3       99%         5
 Iskenderun's Battlesphe  Conj           0%         2d6       99%         5
 Conjure Ball Lightning   Conj/Air       0%         3x3d6     100%        6
 Dispersal                Tloc           0%         N/A       100%        6
 Iron Shot                Conj/Erth      10%        9d3       100%        6
 Starburst                Conj/Fire      0%         6d3       100%        6
 Enfeeble                 Hex            0%         N/A       100%        7
 Orb of Destruction       Conj           0%         9d5       100%        7

Inventory:

Hand Weapons
 s - the +12 rapier of Earthquakes (weapon) {venom, *Rage Int+2 Dex+2, short}
   (You found it on level 2 of the Lair of Beasts)

   It poisons the flesh of those it strikes.
   Int:       It affects your intelligence (+2).
   Dex:       It affects your dexterity (+2).
   *Rage:     It berserks you when you make melee attacks (+20% chance).
 M - a +2 demon trident of protection {polearm}
   (You took it off Urug on level 2 of the Lair of Beasts)
Missiles
 a - a throwing net {=f!fthrowing}
 e - a curare-tipped dart {=fthrowing}
 h - 541 stones (quivered) {throwing}
 z - 5 boomerangs of dispersal {=f!fthrowing}
 B - 6 boomerangs {throwing}
 H - 12 javelins {throwing}
 Y - 21 poisoned darts {throwing}
Armour
 b - a +0 kite shield
   (You took it off a vault guard on level 14 of the Dungeon)
 m - a +2 cloak (worn)
   (You found it on level 1 of the Dungeon)
 p - a +2 pair of gloves (worn)
   (You found it on level 2 of the Dungeon)
 t - +0 fire dragon scales (worn)
   (You found it on level 6 of the Lair of Beasts)
 G - an orb of energy
   (You took it off an orc on level 6 of the Dungeon)
Magical Staves
 i - a staff of air {!astaff}
   (You found it on level 14 of the Dungeon)
 E - a staff of poison {!astaff}
   (You found it on level 15 of the Dungeon)
Jewellery
 g - a +4 ring of protection (left hand)
   (You took it off a centaur on level 11 of the Dungeon)
 j - an amulet of faith {!P}
   (You found it on level 14 of the Dungeon)
 l - a +4 ring of protection (right hand)
   (You found it on level 3 of the Lair of Beasts)
 n - the ring of Hoidweak {Drain rC+ rN+ rCorr}
   (You found it on level 14 of the Dungeon)

   [ring of positive energy]

   rC:        It protects you from cold.
   rN:        It protects you from negative energy.
   rCorr:     It protects you from acid and corrosion.
   Drain:     It drains your maximum health when unequipped.
 x - an amulet of guardian spirit (around neck)
   (You found it on level 3 of the Dungeon)
 K - a +6 ring of strength
   (You found it on level 13 of the Dungeon)
 V - an amulet of reflection
   (You found it on level 9 of the Dungeon)
Scrolls
 c - 2 scrolls of fog
 d - 6 scrolls of magic mapping {!r}
 k - 4 scrolls of immolation {!r!r}
 o - 2 scrolls of vulnerability {!r!r}
 y - 3 scrolls of silence {!r}
 F - 3 scrolls of identify {@r1}
 J - 6 scrolls of enchant weapon
 Q - a scroll of amnesia
 R - 3 scrolls of teleportation {@r4}
 U - 3 scrolls of enchant armour
Potions
 f - a potion of haste {@q3}
 q - 2 potions of flight
 r - 2 potions of attraction {!q}
 u - 4 potions of lignification {!q}
 v - 2 potions of curing {@q1}
 A - 5 potions of brilliance
 C - a potion of mutation {!q}
 D - 3 potions of resistance
 L - 2 potions of haste {forbidden@q3}
 O - 2 potions of might
 W - a potion of heal wounds {@q2}
 Z - a potion of magic
Miscellaneous
 N - a box of beasts (inert)
   (You found it on level 4 of the Lair of Beasts)

Dungeon Overview and Level Annotations

Branches:
Dungeon (15/15)            Temple (1/1) D:4            Lair (6/6) D:8
  Swamp (0/4) Lair:2        Snake (0/4) Lair:3        Slime (0/5) Lair:5
    Orc (0/2) D:10         Vaults (0/5) D:14         Depths (0/4) D:15
Ossuary (visited)

Altars:
Ashenzari
Cheibriados
Dithmenos
Elyvilon
Fedhas
Nemelex Xobeh
Okawaru
Qazlal
Ru
Uskayaw
Vehumet
Wu Jian
Zin
The Shining One
Jiyva

Shops:
D:8 :   D:9 [

Annotations:
D:14 exclusion: vault guard
Lair:2 exclusion: oklob plant
Lair:4 exclusions: fire elemental and 2 lava snakes
Lair:6 exclusion: oklob plant

...#..##......#......#)().#..#.##
#.....####.#####.#.#.#'#.#.#.#.#.
#.#.#.# ### ##+#'##.+...###...
#.....# #.#.#..#######'###
...#..# ##......#......##[.
......# #...P⌠.#'#..##.#...
..<.<.# +#.P8P..#..#.#.#...
...<..# #§.HP§§#+#.##..#...
......# +#@§.§§.#......#..#
####### ##§#§####.#.#.#... #§#c##
##'#'##.#' ..<..§§§§!≈##.#.#.####
+...c§§##§≈##......#). .#+..(.#
!≈##..##.#)#. #.#+(..
§#...)...#.. +#.##!§ ≈##)##..#+#.
.+ #§ ##......#..


You could see a yaktaur captain (can't see you, ally target) and a friendly
larval oxshock beast (summoned).


Message History

The black bear claws you but does no damage.
The slime creature completely misses you.
The cyclops hits you but does no damage.
The black bear barely misses you. The black bear claws you.
* * * LOW HITPOINT WARNING * * *
The black bear misses you. 😨 HP[-30]
You now have 165 max hp (-82).
Unknown command.
Activating: Slouch (0% risk of failure)
Press: ? - help, Dir - look around, f - activate You can feel time thicken for a moment.
You feel a bit better.
You kill the slime creature!
Cheibriados appreciates the change of pace.
You feel a bit better.
You kill the black bear!
Cheibriados appreciates the change of pace.
You destroy the vampire mosquito!
The vampire mosquito's corpse dissolves into shadows!
You kill the guardian serpent!
Cheibriados thoroughly appreciates the change of pace.
Cheibriados lowers the support of your attributes as your movement quickens.
The cyclops hits you but does no damage.
The centaur warrior hits you but does no damage.
The centaur warrior kicks you but does no damage. 😨 HP[+5] MP[-4]
You regained 5 hp, and now have 64/165 hp.
You lost 4 mp, and now have 6/26 mp.
Unknown command.
Okay, then.
Activating: Slouch (0% risk of failure)
Press: ? - help, Dir - look around, f - activate You can feel time thicken for a moment.
You kill the centaur warrior!
The centaur warrior's corpse dissolves into shadows!
Cheibriados lowers the support of your attributes as your movement quickens.
The yaktaur captain wields a +0 arbalest.
The yaktaur captain shoots a bolt.
The bolt hits you.
* * * LOW HITPOINT WARNING * * *
The cyclops completely misses you.
You hear a horrible gurgling sound! 😨 HP[-1] MP[-5]
You take 1 damage, and now have 63/165 hp.
You lost 5 mp, and now have 1/26 mp.
Unknown command.
Unknown command.
Okay, then.
Okay, then.
You don't have enough magic at the moment.
Unknown command.
Your magical effects are unravelling.
You feel magically purged.
You feel yourself speed up.
Your primal bloodlust has ended.
The yaktaur captain shoots a bolt.
The bolt misses you. The cyclops misses you. 😨 HP[+1]
You hit the cyclops. The cyclops misses you. x2
You don't have enough magic at the moment.
You puncture the cyclops!
You kill the cyclops!
Cheibriados thoroughly appreciates the change of pace.
The cyclops hits you!
* * * LOW HITPOINT WARNING * * *
😨 HP[-7] MP[+1]
You take 7 damage, and now have 57/165 hp.
You puncture the cyclops! The cyclops closely misses you.
You puncture the cyclops!
You kill the cyclops!
The cyclops's corpse dissolves into shadows!
The yaktaur captain shoots a bolt.
The bolt hits you!!!
* * * LOW HITPOINT WARNING * * *
You hear a horrible gurgling sound! 😱 HP[-37] MP[-2]
You take 37 damage, and now have 20/165 hp.
MASSIVE DAMAGE!! (PAUSE)
You lost 2 mp, and now have 0/26 mp.
Unknown command.
As you read the scroll of fog, it crumbles to dust.
The scroll dissolves into smoke. 😱 HP[+1]
You fade into invisibility!
The yaktaur captain shoots a bolt.
The bolt hits you!
* * * LOW HITPOINT WARNING * * *
😱 HP[-12]
You take 12 damage, and now have 9/165 hp.
Okay, then.
The yaktaur captain shoots a bolt. x2 😱 HP[+1]
Okay, then.
You feel better.
The yaktaur captain shoots a bolt. 😱 HP[+11]
You regained 11 hp, and now have 21/165 hp. 😱 HP[+1] MP[+1]
You open the lid... ...and a larval oxshock beast leaps out!
The box is emptied!
The yaktaur captain shoots a bolt.
The bolt hits you.
* * * LOW HITPOINT WARNING * * *
😱 HP[-5]
You take 5 damage, and now have 17/165 hp.
You feel better.
The yaktaur captain shoots a bolt.
The bolt hits you!!!
You die...

Skill      XL: |  1  2  3  4  5  6  7  8  9 10 11 12 13 14 15 16 |
---------------+-------------------------------------------------+-----
Fighting       | 4 5 6 7 8 9 10 12 13 14 15 16 | 16.2
Unarmed Combat | 2 4 6 |  6.0
Invocations    | 2 3 6 8 10 11 12 13 14 | 14.4
Dodging        | 4 6 7 9 10 11 12 13 | 13.1
Transmutations | 2 4 6 7 8 |  8.0
Earth Magic    | 3 5 6 |  6.3
Summonings     | 3 5 6 |  6.2
Poison Magic   | 6 8 |  8.0
Maces & Flails | |  2.0
Stealth        | |  7.2

Action                   |  1- 3 |  4- 6 |  7- 9 | 10-12 | 13-15 | 16-18 || total
-------------------------+-------+-------+-------+-------+-------+-------++-------
Melee: Mace              |       |   130 |    72 |       |       |       ||   202
       Punch             |       |     2 |    15 |    28 |    60 |    14 ||   119
       Whip              |       |       |   141 |       |       |       ||   141
       Spear             |       |       |   137 |   472 |       |       ||   609
       Rapier            |       |       |       |    90 |   711 |   162 ||   963
       Headbutt          |       |       |       |    48 |   249 |    79 ||   376
       Constrict         |       |       |       |       |   189 |    36 ||   225
Throw: Stone             |       |       |    13 |    66 |   227 |    31 ||   337
       Dart              |       |       |       |    15 |     8 |       ||    23
 Cast: Wereblood         |       |       |       |    16 |    67 |    18 ||   101
       Animate Armour    |       |       |       |       |     2 |       ||     2
Invok: Slouch            |       |       |     2 |     8 |     6 |     6 ||    22
       Bend Time         |       |       |     1 |     8 |     6 |       ||    15
 Abil: Spit Poison       |     3 |    33 |    37 |     9 |       |       ||    82
Evoke: Wand              |    14 |    15 |     2 |     2 |       |       ||    33
       Box of beasts     |       |       |       |       |       |     1 ||     1
  Use: Scroll            |       |     7 |     7 |    24 |     4 |     1 ||    43
       Potion            |       |     4 |     2 |    14 |     8 |     5 ||    33
 Stab: Sleeping          |       |    11 |    13 |     9 |       |     2 ||    35
       Distracted        |       |       |     3 |     2 |     1 |     2 ||     8
Armor: Skin              |       |    23 |       |     3 |       |       ||    26
       Leather armour    |       |    44 |   144 |       |       |       ||   188
       Acid dragon scale |       |       |     6 |   348 |   330 |       ||   684
       Fire dragon scale |       |       |       |       |   291 |   198 ||   489
Dodge: Dodged            |       |    79 |   219 |   721 |  1153 |   287 ||  2459

Levels and vault maps discovered:
D:1:      amcnicky_arrival_choice, layout_rooms
D:2:      layout_loops_ring, basic_altar, corexii_item_surrounded_by_moat
D:3:      minmay_diamond_boxcup, layout_loops_ring,
          mainiacjoe_overflow_chevrons, hellmonk_ecumenical_altar_blasted,
          dk_noncrumbling_3, uniq_sigmund
D:4:      layout_gridville, minmay_temple_entry_crystal_x, uniq_natasha
D:5:      layout_loops_cross, kennysheep_mini_moat,
          mainiacjoe_overflow_alcove_3, fedhas_altar_1
D:6:      layout_basic, nicolae_tso_carved_into_rock, nicolae_overflow_squiral,
          st_stairs_8, columned_hall_lemuel, minivault_27
D:7:      layout_gridville, nicolae_ossuary_entry_monument
D:8:      lemuel_ice_spiral_2, layout_rooms, lemuel_tele_altar, serial_shops,
          nicolae_diamond_shop, minmay_misc_feat_hallway
D:9:      layout_loops_corners, old_standard_altar, serial_shops,
          nicolae_shop_hallway_stairs, uniq_psyche
D:10:     layout_loops_cross, orc_0_dummy
D:11:     layout_stronghold
D:12:     layout_big_octagon
D:13:     layout_gridville, serial_shops, statue_bzr, eino_jars
D:14:     layout_basic, grunt_vaults_entry_fortified,
          gammafunk_ghost_necromancy, serial_corexii_hall,
          corexii_hall_statues_i, corexii_hall_statues_x
D:15:     hangedman_slaughterboxes
Temple:   cyrus_temple_forest
Lair:1:   layout_gridlike, uniq_sonja
Lair:2:   minmay_lair_oklob_tunnel, layout_cave_pods, swamp_mist,
          forest_entry_grove, uniq_urug
Lair:3:   layout_cave_shapes, guppyfry_snake_entry_island, worms_lemuel,
          uniq_rupert
Lair:4:   layout_loops_ring, special_room [special_room_mythical_zoo],
          nicolae_lair_liquid_snakes, uniq_josephine
Lair:5:   layout_cellular_growth, slime_altar_1, serial_forest,
          infiniplex_forest_corner_2, infiniplex_forest_clump_small,
          infiniplex_forest_clump_curved, infiniplex_forest_zigzag_2,
          infiniplex_forest_end_2, infiniplex_forest_clump_cross,
          infiniplex_forest_straight_2, infiniplex_forest_end_1
Lair:6:   cheibrodos_lair_end_hotspot, layout_long_grid,
          bobbens_dragon_lair_wall

Notes
Turn   | Place    | Note
-------+----------+-------------------------------------------
     0 | D:5      | spaghetti the Naga Delver began the quest for the Orb.
     0 | D:5      | Reached XP level 1. HP: 21/21 MP: 1/1
     0 | D:5      | magus.rc [v1.9.6]
    64 | D:6      | Noticed a phantom
   147 | D:5      | Reached XP level 2. HP: 14/28 MP: 2/2
   347 | D:5      | Found a blossoming altar of Fedhas.
   428 | D:5      | Found a snail-covered altar of Cheibriados.
   428 | D:5      | Found a sacrificial altar of Ru.
   430 | D:5      | Found a broken altar of Ashenzari.
   430 | D:5      | Found a shadowy altar of Dithmenos.
   433 | D:5      | Became a worshipper of Cheibriados the Contemplative
   529 | D:4      | Noticed Natasha
   531 | D:4      | Reached skill level 4 in Fighting
   531 | D:4      | Reached XP level 3. HP: 37/37 MP: 3/3
   535 | D:4      | Killed Natasha
   536 | D:4      | Reached XP level 4. HP: 34/45 MP: 4/4
   830 | D:4      | Found a staircase to the Ecumenical Temple.
   838 | D:4      | Reached skill level 5 in Fighting
   838 | D:4      | Noticed Natasha
   870 | D:4      | Killed Natasha
   871 | D:4      | Reached XP level 5. HP: 37/54 MP: 5/5
   871 | D:4      | Reached * piety under Cheibriados
   944 | Temple   | Entered the Ecumenical Temple
  1173 | D:3      | Reached skill level 6 in Fighting
  1970 | D:2      | Reached XP level 6. HP: 63/63 MP: 6/6
  2017 | D:2      | Found an iron altar of Okawaru.
  2119 | D:2      | Reached ** piety under Cheibriados
  2222 | D:2      | You pick up a book of the Earth and begin reading...
  2222 | D:2      | You add the spells Leda's Liquefaction, Lee's Rapid
                  | Deconstruction and Statue Form to your library.
  2698 | D:3      | Reached skill level 1 in Unarmed Combat
  3235 | D:3      | Noticed Sigmund
  3236 | D:3      | Found a faded altar of an unknown god.
  3260 | D:3      | Reached skill level 2 in Unarmed Combat
  3267 | D:3      | Killed Sigmund
  3268 | D:3      | Reached skill level 7 in Fighting
  3268 | D:3      | Reached skill level 2 in Invocations
  3268 | D:3      | Reached XP level 7. HP: 28/72 MP: 4/8
  3900 | D:3      | Reached *** piety under Cheibriados
  3928 | D:3      | Reached skill level 3 in Unarmed Combat
  4017 | D:3      | Found a stormy altar of Qazlal.
  4492 | D:4      | Noticed Natasha
  4499 | D:4      | Killed Natasha
  4583 | D:5      | Reached skill level 3 in Invocations
  4820 | D:5      | Found a hide-covered altar of Uskayaw.
  5126 | D:5      | Reached skill level 4 in Unarmed Combat
  5126 | D:5      | Reached XP level 8. HP: 58/80 MP: 8/10
  5289 | D:6      | Reached skill level 4 in Invocations
  5363 | D:6      | Reached **** piety under Cheibriados
  5467 | D:6      | Found a glowing golden altar of the Shining One.
  5690 | D:6      | Reached skill level 5 in Unarmed Combat
  5690 | D:6      | Reached skill level 5 in Invocations
  5928 | D:6      | HP: 19/81 [poisoned by a water moccasin]
  5933 | D:6      | HP: 15/81 [poisoned by a water moccasin]
  5938 | D:6      | HP: 12/81 [poisoned by a water moccasin]
  6429 | D:6      | Found an iron altar of Okawaru.
  6513 | D:6      | Found an ornate altar of the Wu Jian Council.
  6583 | D:6      | Reached skill level 8 in Fighting
  6583 | D:6      | Reached skill level 6 in Unarmed Combat
  6583 | D:6      | Reached skill level 6 in Invocations
  6583 | D:6      | Reached XP level 9. HP: 68/88 MP: 10/13
  6699 | D:6      | Identified the +9 spear "Peucion" {drain, rPois Will++
                  | Str-2}
  7010 | D:7      | Found a sand-covered staircase.
  7033 | D:7      | Reached skill level 2 in Dodging
  7123 | Ossuary  | Entered an ossuary
  7816 | D:7      | Reached skill level 7 in Invocations
  7988 | D:7      | Reached skill level 3 in Dodging
  8441 | D:8      | You pick up a book of Spectacle and begin reading...
  8441 | D:8      | You add the spells Dazzling Flash, Iskenderun's Mystic
                  | Blast and Starburst to your library.
  8608 | D:8      | Reached skill level 4 in Dodging
  8640 | D:8      | Found a glowing silver altar of Zin.
  8647 | D:8      | Reached skill level 8 in Invocations
  8949 | D:8      | Found a staircase to the Lair.
  9028 | D:8      | Found Poduwel's Book Boutique.
  9037 | D:8      | Gained mutation: Your muscles are strong. (Str +2) [potion
                  | of mutation]
  9037 | D:8      | Lost mutation: Your muscles are strong. (Str +2) [potion of
                  | mutation]
  9037 | D:8      | Gained mutation: You are weak. (Str -2) [potion of
                  | mutation]
  9037 | D:8      | Gained mutation: You are robust. (+10% HP) [potion of
                  | mutation]
  9093 | D:8      | Reached XP level 10. HP: 99/107 MP: 13/16
  9506 | D:9      | Found a sparkling altar of Nemelex Xobeh.
  9577 | D:9      | Reached skill level 9 in Fighting
  9993 | D:9      | Noticed Psyche
 10000 | D:9      | Killed Psyche
 10001 | D:9      | Reached skill level 5 in Dodging
 10001 | D:9      | Reached skill level 9 in Invocations
 10102 | D:9      | Found Qyssa's Antique Armour Boutique.
 10653 | D:9      | You pick up a book of the Spheres and begin reading...
 10653 | D:9      | You add the spells Iskenderun's Battlesphere, Fireball,
                  | Conjure Ball Lightning and Orb of Destruction to your
                  | library.
 10782 | D:10     | Entered Level 10 of the Dungeon
 10825 | D:10     | You pick up a book of Changes and begin reading...
 10825 | D:10     | You add the spells Beastly Appendage, Wereblood and Spider
                  | Form to your library.
 10874 | D:10     | Found a staircase to the Orcish Mines.
 10874 | D:10     | Noticed a manticore
 10883 | D:10     | Killed a manticore
 10886 | D:10     | Reached skill level 6 in Dodging
 10891 | D:10     | Learned a level 2 spell: Wereblood
 11111 | D:10     | Reached skill level 1 in Transmutations
 11111 | D:10     | Reached skill level 10 in Invocations
 11516 | D:10     | Noticed a two-headed ogre
 11524 | D:10     | Killed a two-headed ogre
 11525 | D:10     | Reached skill level 2 in Transmutations
 11525 | D:10     | Reached XP level 11. HP: 80/118 MP: 11/18
 11734 | D:11     | Noticed a cyclops
 11741 | D:11     | Reached ***** piety under Cheibriados
 11744 | D:11     | HP: 20/118 [cyclops (19)]
 12093 | D:11     | Killed a cyclops
 12298 | D:11     | You pick up a book of Burglary and begin reading...
 12298 | D:11     | You add the spells Passwall, Ensorcelled Hibernation and
                  | Swiftness to your library.
 12311 | D:11     | Noticed a two-headed ogre
 12321 | D:11     | Killed a two-headed ogre
 12386 | D:11     | Noticed an orc knight
 12392 | D:11     | Reached skill level 10 in Fighting
 12392 | D:11     | Reached skill level 3 in Transmutations
 12393 | D:11     | HP: 18/118 [orc knight/+0 great mace (27)]
 12397 | D:11     | Killed an orc knight
 12398 | D:11     | Reached skill level 7 in Dodging
 13188 | D:11     | Noticed a four-headed hydra
 13199 | D:11     | Killed a four-headed hydra
 13200 | D:11     | Reached skill level 11 in Invocations
 14017 | D:11     | Noticed a cyclops
 14029 | D:11     | Killed a cyclops
 14437 | D:11     | HP: 24/121 [gargoyle/+0 mace (14)]
 14580 | Lair:1   | Entered Level 1 of the Lair of Beasts
 14583 | Lair:1   | Noticed a four-headed hydra
 14599 | D:8      | Reached skill level 4 in Transmutations
 15016 | D:8      | Killed a four-headed hydra
 15268 | D:8      | HP: 30/121 [yak (8)]
 15575 | Lair:1   | Noticed Sonja
 15604 | Lair:1   | Reached XP level 12. HP: 49/129 MP: 8/20
 15911 | Lair:1   | Reached skill level 8 in Dodging
 16024 | Lair:1   | Killed Sonja
 16025 | Lair:1   | Reached skill level 11 in Fighting
 16395 | Lair:1   | Lost mutation: You are robust. (+10% HP) [potion of
                  | mutation]
 16395 | Lair:1   | Lost mutation: You are weak. (Str -2) [potion of mutation]
 16395 | Lair:1   | Gained mutation: You are partially covered in large bone
                  | plates. (SH +4) [potion of mutation]
 16395 | Lair:1   | Gained mutation: You tend to lose your temper in combat.
                  | [potion of mutation]
 16396 | Lair:1   | Lost mutation: You tend to lose your temper in combat.
                  | [potion of mutation]
 16396 | Lair:1   | Lost mutation: You are partially covered in large bone
                  | plates. (SH +4) [potion of mutation]
 16396 | Lair:1   | Gained mutation: You have a pair of small horns on your
                  | head. [potion of mutation]
 16396 | Lair:1   | Gained mutation: Your flesh is cold resistant. (rC+)
                  | [potion of mutation]
 16976 | Lair:2   | Reached skill level 5 in Transmutations
 17221 | Lair:2   | Found a staircase to the Swamp.
 17315 | Lair:2   | Identified the +12 rapier of Earthquakes {venom, *Rage
                  | Int+2 Dex+2}
 17832 | Lair:2   | You add the spells Gell's Gravitas, Teleport Other and
                  | Dispersal to your library.
 17944 | Lair:2   | Noticed Urug
 17966 | Lair:2   | Killed Urug
 18545 | Lair:2   | HP: 40/162 [black mamba (10)]
 18547 | Lair:2   | Reached skill level 9 in Dodging
 18547 | Lair:2   | Reached skill level 12 in Invocations
 18883 | Lair:2   | Reached skill level 12 in Fighting
 18883 | Lair:2   | HP: 22/117 [elephant (12)]
 19115 | Lair:3   | Reached skill level 6 in Transmutations
 19122 | Lair:3   | Noticed a four-headed hydra
 19135 | Lair:2   | HP: 27/122 [four-headed hydra (7)]
 19137 | Lair:2   | Killed a four-headed hydra
 19518 | Lair:3   | Noticed Rupert
 19615 | Lair:3   | Gained mutation: You can use your snake-like lower body to
                  | constrict enemies. [Naga growth]
 19615 | Lair:3   | Reached XP level 13. HP: 130/130 MP: 17/22
 19844 | Lair:3   | Killed Rupert
 20069 | Lair:3   | Found a staircase to the Snake Pit.
 20509 | Lair:4   | Reached skill level 10 in Dodging
 20530 | Lair:4   | Reached skill level 13 in Fighting
 20641 | Lair:4   | Reached skill level 7 in Transmutations
 21282 | Lair:4   | Noticed Josephine
 21292 | Lair:4   | Killed Josephine
 22121 | Lair:5   | Found a viscous altar of Jiyva.
 22121 | Lair:5   | Found a staircase to the Slime Pits.
 22578 | Lair:5   | Reached XP level 14. HP: 43/142 MP: 4/23
 22579 | Lair:5   | HP: 27/142 [death yak (18)]
 22580 | Lair:5   | HP: 12/142 [death yak (14)]
 23071 | Lair:5   | You pick up a book of Iron and begin reading...
 23071 | Lair:5   | You add the spells Animate Armour, Blade Hands and Iron
                  | Shot to your library.
 23582 | Lair:6   | Entered Level 6 of the Lair of Beasts
 23653 | Lair:6   | Reached skill level 11 in Dodging
 23653 | Lair:6   | Reached skill level 1 in Earth Magic
 23667 | Lair:6   | Reached skill level 1 in Summonings
 23670 | Lair:6   | Reached skill level 14 in Fighting
 24035 | Lair:6   | Reached skill level 13 in Invocations
 24111 | Lair:6   | Reached skill level 8 in Transmutations
 24142 | Lair:6   | Reached skill level 2 in Earth Magic
 24287 | Lair:6   | Reached skill level 2 in Summonings
 25252 | Lair:6   | Reached skill level 3 in Earth Magic
 25357 | Lair:6   | Reached skill level 3 in Summonings
 25693 | Lair:6   | Reached ****** piety under Cheibriados
 26180 | Lair:6   | Found a large runed translucent door.
 26181 | Lair:6   | Found a large runed translucent door.
 26770 | Lair:6   | Learned a level 4 spell: Animate Armour
 26773 | Lair:6   | Learned a level 2 spell: Passwall
 27339 | D:12     | Reached XP level 15. HP: 152/152 MP: 16/25
 27341 | D:12     | Reached skill level 4 in Earth Magic
 27977 | D:13     | Reached skill level 15 in Fighting
 28096 | D:13     | Reached skill level 4 in Summonings
 28449 | D:13     | Reached skill level 12 in Dodging
 28538 | D:13     | Found a gateway to a bazaar.
 28546 | Bazaar   | Entered a bazaar
 28551 | Bazaar   | Found Jyukymek's Book Shop.
 28636 | Bazaar   | Found Disasong's Book Shop.
 28696 | Bazaar   | Bought the Almanac of Poisonous Malediction for 396 gold
                  | pieces
 28696 | Bazaar   | You add the spells Mephitic Cloud, Alistair's Intoxication
                  | and Enfeeble to your library.
 28702 | Bazaar   | Learned a level 5 spell: Alistair's Intoxication
 28830 | D:13     | Reached skill level 1 in Poison Magic
 29545 | D:14     | Reached skill level 2 in Poison Magic
 30431 | D:14     | Reached skill level 3 in Poison Magic
 31106 | D:14     | Reached skill level 4 in Poison Magic
 31723 | D:14     | Paralysed by an orc sorcerer for 4 turns
 31867 | D:14     | Reached skill level 5 in Earth Magic
 31958 | D:14     | Found a gate to the Vaults.
 32041 | D:14     | Found a runed translucent gate.
 32041 | D:14     | Found a runed translucent gate.
 32041 | D:14     | Found a runed translucent gate.
 32041 | D:14     | Noticed Ydoexauxt's ghost (journeyman OpWr)
 32391 | D:14     | Reached skill level 5 in Summonings
 32391 | D:14     | Reached skill level 5 in Poison Magic
 32407 | D:14     | Reached skill level 14 in Invocations
 32745 | D:14     | Killed Ydoexauxt's ghost
 32805 | D:14     | Identified the ring of Hoidweak {Drain rC+ rN+ rCorr}
 32819 | D:15     | Entered Level 15 of the Dungeon
 33308 | D:15     | Reached skill level 6 in Poison Magic
 33698 | D:15     | Reached XP level 16. HP: 164/164 MP: 21/26
 33845 | D:15     | Found a staircase to the Depths.
 33902 | D:15     | Found a white marble altar of Elyvilon.
 33903 | D:15     | Found a radiant altar of Vehumet.
 33903 | D:15     | Found an iron altar of Okawaru.
 34846 | D:15     | Reached skill level 7 in Poison Magic
 35291 | D:15     | Reached skill level 16 in Fighting
 35530 | D:15     | Reached skill level 6 in Earth Magic
 35554 | D:15     | Reached skill level 6 in Summonings
 35758 | D:15     | Reached skill level 13 in Dodging
 35984 | D:15     | Reached skill level 8 in Poison Magic
 36353 | D:15     | HP: 20/165 [yaktaur captain/bolt (37)]
 36355 | D:15     | HP: 9/165 [yaktaur captain/bolt (12)]
 36360 | D:15     | Shot with a bolt by a yaktaur captain

Vanquished Creatures
  Rupert (Lair:3)
  A very ugly thing (D:15)
  Josephine (Lair:4)
  A fire dragon (Lair:6)
  The ghost of Ydoexauxt the Slicer, a journeyman OpWr (D:14)
  2 ettins (D:15)
  2 rakshasas
  8 boulder beetles
  4 vault guards (D:14)
  A caustic shrike simulacrum (D:14)
  14 hydras
  3 two-headed ogres
  An ogre mage (D:15)
  5 catoblepae
  6 death yaks (Lair:5)
  2 tengu warriors (D:15)
  2 death knights
  9 centaur warriors
  Urug (Lair:2)
  Sonja (Lair:1)
  2 deep elf knights
  2 fire crabs
  2 skeletal warriors (D:15)
  A spectral spark wasp (D:14)
  A sea snake (shapeshifter) (D:15)
  A spriggan simulacrum (D:14)
  A spectral iron dragon (D:14)
  A deep troll (shapeshifter) (D:15)
  A golden dragon zombie (D:14)
  2 wizards (D:14)
  A phantasmal warrior (D:12)
  2 lindwurms (Lair:6)
  3 deep elf pyromancers
  A fire giant zombie (D:14)
  7 orc knights
  4 ugly things
  An orc sorcerer (D:14)
  11 cyclopes
  2 manticores
  6 black mambas
  9 elephants
  A guardian serpent (shapeshifter) (D:15)
  An ice statue (D:13)
  3 torpor snails
  2 molten gargoyles (Lair:6)
  7 cane toads
  A demonic crawler (Lair:3)
  A spriggan zombie (D:14)
  Psyche (D:9)
  18 rime drakes
  2 unseen horrors (D:13)
  A gargoyle (D:14)
  5 freezing wraiths
  A spark wasp simulacrum (D:14)
  8 komodo dragons
  4 yaktaurs
  5 trolls
  A tengu conjurer (D:15)
  A troll (shapeshifter) (D:15)
  A meliai (D:13)
  A polar bear (Lair:2)
  9 slime creatures
  A blink frog (shapeshifter) (D:15)
  A hornet (D:10)
  15 blink frogs
  A centaur simulacrum (D:15)
  2 spriggans (Lair:2)
  Sigmund (D:3)
  8 wraiths
  A vampire (D:11)
  14 wyverns
  44 yaks
  16 vampire mosquitoes
  17 basilisks
  11 steam dragons
  An acid dragon (D:8)
  9 water moccasins
  2 nagas (Lair:3)
  5 hell hounds
  2 swamp worms (Lair:3)
  A sky beast (D:7)
  3 black bears
  11 orc warriors
  2 black bears (shapeshifter) (D:15)
  4 ogres
  A boggart (D:15)
  3 wolves (Lair:2)
  17 centaurs
  A phantom (D:6)
  2 kobold brigands
  3 necrophages (D:7)
  8 bullfrogs
  5 scorpions
  A hornet simulacrum (D:15)
  8 killer bees
  4 howler monkeys
  6 lava snakes
  A centaur zombie (Ossuary)
  2 hounds (D:4)
  A human zombie (Ossuary)
  4 gnoll shamans
  A jelly (D:8)
  5 orc priests
  Natasha (thrice) (D:4)
  3 iguanas
  5 hell rats (Lair:4)
  16 orc wizards
  4 mummies (Ossuary)
  5 adders
  19 gnolls
  A shadow imp (D:7)
  A white imp (D:5)
  2 worms (D:2)
  5 dart slugs
  46 orcs
  9 ball pythons
  7 endoplasms
  9 giant cockroaches
  2 gnoll zombies (Ossuary)
  7 goblins
  4 hobgoblins
  2 jackals (D:3)
  2 quokkas
  4 bats
  A frilled lizard (D:2)
  11 kobolds
  3 kobold zombies (Ossuary)
  An orc zombie (Ossuary)
  7 rats
625 creatures vanquished.

Vanquished Creatures (collateral kills)
  An orc knight (D:11)
  3 orcs (D:3)
  A giant cockroach (D:3)
5 creatures vanquished.

Vanquished Creatures (others)
  A tengu warrior (D:15)
  3 electric eels (Lair:4)
  17 fungi
  27 plants
48 creatures vanquished.

Grand Total: 678 creatures vanquished

Table legend:
 A = Non-vault XP
 B = Vault XP
 C = Vault XP percentage of total XP
 D = Non-vault monster count
 E = Vault monster count
 F = Vault count percentage of total count
                 A         B        C        D         E       F
            +---------+---------+-------+---------+---------+-------
      Total |   78534 |   82327 |  51.2 |     403 |     228 |  36.1
            +---------+---------+-------+---------+---------+-------
        D:1 |      22 |       0 |   0.0 |      12 |       0 |   0.0
        D:2 |      64 |       0 |   0.0 |      18 |       0 |   0.0
        D:3 |     302 |     229 |  43.1 |      29 |      10 |  25.6
        D:4 |     309 |      36 |  10.4 |      26 |       1 |   3.7
        D:5 |     299 |       0 |   0.0 |      12 |       0 |   0.0
        D:6 |     978 |     228 |  18.9 |      13 |       2 |  13.3
        D:7 |    1004 |       0 |   0.0 |      20 |       0 |   0.0
        D:8 |    3277 |       0 |   0.0 |      24 |       0 |   0.0
        D:9 |    2244 |     397 |  15.0 |      30 |       1 |   3.2
       D:10 |    2223 |       0 |   0.0 |      14 |       0 |   0.0
       D:11 |    6390 |       0 |   0.0 |      30 |       0 |   0.0
       D:12 |    6485 |       0 |   0.0 |      23 |       0 |   0.0
       D:13 |    5109 |    1058 |  17.2 |      27 |       7 |  20.6
       D:14 |   11837 |   12648 |  51.7 |      21 |      19 |  47.5
       D:15 |       0 |   40626 | 100.0 |       0 |      81 | 100.0
     Lair:1 |    2990 |     776 |  20.6 |      11 |       1 |   8.3
     Lair:2 |    5724 |    2050 |  26.4 |      15 |       8 |  34.8
     Lair:3 |    4143 |    2885 |  41.1 |      11 |       6 |  35.3
     Lair:4 |    3926 |    8208 |  67.6 |      16 |      32 |  66.7
     Lair:5 |    7609 |     181 |   2.3 |      14 |       1 |   6.7
     Lair:6 |   13599 |   12842 |  48.6 |      37 |      47 |  56.0
    Ossuary |       0 |     163 | 100.0 |       0 |      12 | 100.0
            +---------+---------+-------+---------+---------+-------

Illustrated notes

Table legend:
 A = Kills in this place as a percentage of kills in entire the game.
 B = Kills by you in this place as a percentage of kills by you in the entire game.
 C = Kills by friends in this place as a percentage of kills by friends in the entire game.
 D = Other kills in this place as a percentage of other kills in the entire game.
 E = Experience gained in this place as a percentage of experience gained in the entire game.
 F = Experience gained in this place divided by the number of levels of this place that you have seen.
                   A       B       C       D       E      F
               +-------+-------+-------+-------+-------+----------------------
         Total | 100.0 | 100.0 | 100.0 | 100.0 | 100.0 | 6702.5
       Dungeon |  66.6 |  66.2 | 100.0 | 100.0 |  59.5 | 6384.3
          Lair |  31.5 |  31.8 |   0.0 |   0.0 |  40.4 | 10822.2
       Ossuary |   1.9 |   1.9 |   0.0 |   0.0 |   0.1 | 163.0
               +-------+-------+-------+-------+-------+----------------------

Table legend: (Time is in decaauts)
 A = Elapsed time spent in this place.
 B = Non-inter-level travel time spent in this place.
 C = Inter-level travel time spent in this place.
 D = Time resting spent in this place.
 E = Time spent auto-exploring this place.
 F = Levels seen in this place.
 G = Mean time per level.
                   A        B        C        D        E       F      G
               +--------+--------+--------+--------+--------+-----+--------+
         Total |  58437 |  55640 |   2797 |  12630 |  35638 |  24 | 2434.9 |
       Dungeon |  38732 |  36945 |   1787 |   8796 |  23371 |  15 | 2582.1 |
        Temple |     84 |     84 |      0 |     83 |      0 |   1 |   84.0 |
          Lair |  18751 |  17741 |   1010 |   3684 |  11766 |   6 | 3125.2 |
        Bazaar |    346 |    346 |      0 |      0 |    157 |   1 |  346.0 |
       Ossuary |    522 |    522 |      0 |     67 |    343 |   1 |  522.0 |
               +--------+--------+--------+--------+--------+-----+--------+

Top non-repeatable levels by time:
    D:14: 5202 daAuts
  Lair:6: 5050 daAuts
    D:15: 4825 daAuts
    D:11: 4120 daAuts
  Lair:2: 3768 daAuts
  Lair:4: 3120 daAuts
  Lair:5: 3057 daAuts
     D:8: 2771 daAuts
     D:9: 2621 daAuts
     D:6: 2570 daAuts
    D:13: 2520 daAuts
     D:3: 2467 daAuts
  Lair:1: 2064 daAuts
    D:10: 2015 daAuts
     D:7: 2010 daAuts
